AoeStats
← 路一司

Lombardia

507922729Analyzed
4v4 RM · 10d ago on Sep 20, 2026· 50m 17s· 8 players
Game mode
Random Map
Map size
Large (8 player)
Population
200
Speed
Normal
Resources
Standard
Victory
Conquest
Starting age
Dark Age
Ending age
Imperial Age
RankedLock teamsTeams togetherTeam positionsShared explorationLock speedFull tech treeHidden civsTurbo modeCheats
Victory
Defeat
🇨🇳 Mongols · China
1294
+9
🇨🇳 Hindustanis · China
1124
+15
🇨🇳 Portuguese · China
1124
+15
🇭🇰 Huns · Hong Kong SAR China
999
+20
🇲🇽 Khmer · Mexico
1130
-16
🇸🇮 Turks · Slovenia
1120
-15
🇩🇪 Hindustanis · Germany
1106
-15
🇵🇱 Poles · Poland
1071
-13
MZTK | ___Jaque_mate
8:13 Feudal Age
16:41 Fletching
17:24 Double-Bit Axe
18:57 Loom
20:31 Padded Archer Armor
24:04 Castle Age
24:49 Horse Collar
25:23 Bow Saw
26:00 Heavy Plow
30:33 Town Watch
39:57 Imperial Age
38:14 Redemption
39:26 Gold Mining
40:16 Fervor
41:44 Sanctity
46:08 Gold Shaft Mining
46:20 Husbandry
46:30 Bloodlines
45:41 Elite Battle Elephant
46:18 Capped Ram
48:31 Wheelbarrow
Vaccras
5:29 Loom
10:44 Feudal Age
16:17 Castle Age
15:28 Double-Bit Axe
15:35 Horse Collar
19:43 Bloodlines
21:44 Scale Barding Armor
24:09 Forging
26:31 Wheelbarrow
26:59 Fletching
27:14 Pikeman
27:55 Squires
33:46 Imperial Age
37:26 Heavy Camel Rider
40:52 Hand Cart
42:55 Bow Saw
47:30 Ballistics
47:06 Murder Holes
matys95
11:44 Feudal Age
15:01 Loom
18:40 Castle Age
16:32 Double-Bit Axe
22:05 Light Cavalry
22:55 Bloodlines
24:35 Gold Mining
26:26 Husbandry
26:49 Bow Saw
26:23 Horse Collar
32:09 Stone Mining
35:28 Forging
35:23 Scale Barding Armor
35:49 Heavy Plow
40:18 Imperial Age
39:50 Iron Casting
40:24 Chain Barding Armor
42:32 Blast Furnace
40:58 Cavalier
41:50 Szlachta Privileges
43:30 Caravan
43:01 Winged Hussar
50:46 Szlachta Privileges
51:01 Lechitic Legacy
50:12 Sappers
pr!x`
11:57 Feudal Age
10:38 Loom
17:34 Castle Age
16:50 Double-Bit Axe
17:02 Horse Collar
23:25 Stone Mining
25:30 Bloodlines
25:30 Husbandry
34:45 Imperial Age
32:55 Wheelbarrow
34:04 Gold Mining
34:15 Heavy Plow
34:28 Bow Saw
34:36 Hand Cart
35:03 Scale Barding Armor
35:20 Forging
36:10 Conscription
37:42 Artillery
39:39 Padded Archer Armor
40:23 Gold Shaft Mining
40:54 Two-Man Saw
44:36 Town Watch
48:41 Heavy Camel Rider
50:21 Iron Casting
50:16 Chain Barding Armor
碧蓝档案糕手
10:32 Feudal Age
14:15 Castle Age
12:20 Double-Bit Axe
14:33 Loom
29:24 Stone Mining
32:14 Pikeman
33:42 Horse Collar
37:44 Imperial Age
36:24 Wheelbarrow
35:37 Town Watch
35:49 Fletching
37:01 Scale Mail Armor
37:11 Forging
37:04 Squires
39:02 Chain Mail Armor
39:22 Iron Casting
38:43 Bodkin Arrow
39:33 Conscription
43:20 Drill
42:20 Elite Mangudai
44:11 Caravan
44:43 Hand Cart
45:06 Bloodlines
44:56 Husbandry
44:16 Light Cavalry
46:17 Blast Furnace
45:22 Scale Barding Armor
45:18 Bracer
45:49 Plate Mail Armor
46:36 Hussar
48:36 Chain Barding Armor
48:17 Padded Archer Armor
50:38 Ballistics
Otto der Große
10:07 Loom
11:53 Feudal Age
16:27 Castle Age
14:57 Double-Bit Axe
14:54 Horse Collar
17:24 Bloodlines
17:36 Husbandry
25:21 Scale Barding Armor
26:05 Wheelbarrow
29:12 Chain Barding Armor
29:02 Forging
31:39 Imperial Age
30:16 Bow Saw
30:08 Heavy Plow
32:17 Hand Cart
31:47 Town Watch
32:16 Heavy Camel Rider
33:59 Imperial Camel Rider
36:33 Plate Barding Armor
36:34 Iron Casting
36:25 Conscription
37:28 Grand Trunk Road
38:11 Grand Trunk Road
38:33 Conscription
38:42 Light Cavalry
43:09 Blast Furnace
44:15 Two-Man Saw
43:16 Hussar
44:41 Caravan
47:09 Coinage
路一司
11:40 Feudal Age
15:31 Loom
15:34 Double-Bit Axe
15:30 Horse Collar
19:41 Castle Age
18:50 Gold Mining
18:50 Stone Mining
19:39 Wheelbarrow
21:56 Hand Cart
22:13 Bow Saw
22:45 Heavy Plow
24:29 Stone Shaft Mining
27:36 Circumnavigation
29:42 Caravan
29:34 Fletching
34:43 Imperial Age
35:51 Conscription
34:52 Elite Organ Gun
36:00 Ballistics
36:42 Chemistry
35:24 Treadmill Crane
35:55 Masonry
35:56 Fortified Wall
37:08 Arquebus
38:58 Siege Engineers
39:24 Architecture
42:20 Scale Mail Armor
42:16 Bodkin Arrow
42:12 Town Watch
43:53 Pikeman
45:37 Halberdier
被吊打成dog
11:52 Feudal Age
15:49 Loom
16:28 Double-Bit Axe
17:41 Bloodlines
21:12 Castle Age
23:23 Husbandry
23:36 Scale Barding Armor
23:43 Forging
27:07 Bow Saw
30:13 Pikeman
30:53 Squires
33:36 Stone Mining
36:22 Imperial Age
34:37 Horse Collar
36:10 Iron Casting
35:57 Chain Barding Armor
36:39 Halberdier
37:30 Marauders
38:11 Elite Tarkan
40:49 Blast Furnace
40:25 Plate Barding Armor
40:16 Conscription
41:22 Wheelbarrow
40:33 Town Watch
40:42 Gold Mining
42:28 Hand Cart
42:14 Town Patrol
42:42 Caravan
45:03 Two-Man Saw
44:41 Gold Shaft Mining
44:00 Fletching
Connection lost

Rejoining the realm…

Still unreachable

The connection could not be restored.

Session expired

The server has moved on; the page needs a fresh start.